 Dungeon Crawl Stone Soup version 0.19-GnollCrawlA-1-g03664ee (webtiles) character file.

22224353 bananaken the Skirmisher (level 1, 20/20 HPs)
             Began as a Centaur Berserker on Feb 10, 2017.
             Was the Champion of Yredelemnul.
             Escaped with the Orb
             ... and 15 runes!
             The game lasted 03:38:08 (65371 turns).

bananaken the Skirmisher (Centaur Berserker)       Turns: 65371, Time: 03:38:08

Health: 20/20      AC: 35    Str: 23    XL:     1   Next: 0%
Magic:  19/19      EV:  6    Int:  6    God:    Yredelemnul [******]
Gold:   9349       SH:  6    Dex: 12    Spells: 0 memorised, 0 levels left

rFire  + . .     SeeInvis +     E - +9 spear (venom)
rCold  + + +     Gourm    .     K - +10 plate armour {rF+}
rNeg   . . .     Faith    .     M - +3 warlock's mirror {reflect}
rPois  .         Spirit   +     P - +2 helmet {SInv}
rElec  +         Dismiss  .     R - +1 cloak of Starlight {rElec rC+ EV+4 Stlth--}
rCorr  .         Reflect  +     H - +2 pair of gloves
SustAt .         Harm     .     g - +4 centaur barding {rC+}
MR     .....                    T - amulet of Coephile {Spirit Str+4 Dex+4}
Stlth  ..........               V - ring "Yrec" {rC+ MP+9 Slay+2}
                                k - ring of magical power

@: very quick
A: hooves 3, deformed body, speed 2, robust 1, tough skin 3
a: Recall Undead Slaves, Injury Mirror, Animate Dead, Drain Life, Enslave Soul,
Renounce Religion
0: Orb of Zot
}: 15/15 runes: barnacled, slimy, silver, golden, iron, obsidian, icy, bone,
abyssal, demonic, glowing, magical, fiery, dark, gossamer


You escaped.
You worshipped Yredelemnul.
Yredelemnul was exalted by your worship.
You were not hungry.

You visited 17 branches of the dungeon, and saw 89 of its levels.
You visited Pandemonium 1 time, and saw 39 of its levels.
You visited the Abyss 2 times.
You visited 1 bazaar.
You visited 1 ziggurat, and saw 11 of its levels.
You also visited: Sewer, Bailey and Volcano.

You collected 15622 gold pieces.
You spent 6273 gold pieces at shops.

Inventory:

Hand Weapons
 E - a +9 spear of venom (weapon)
Missiles
 q - 5 throwing nets (quivered)
Armour
 g - a +4 centaur barding of cold resistance (worn)
 H - a +2 pair of gloves (worn)
 K - a +10 plate armour of fire resistance (worn)
 M - the +3 warlock's mirror (worn) {reflect}
   (You found it on level 3 of the Tomb of the Ancients)
 P - a +2 helmet of see invisible (worn)
 R - the +1 cloak of Starlight (worn) {rElec rC+ EV+4 Stlth--}
   (You bought it in a shop on level 1 of the Elven Halls)

   It affects your evasion (+4).
   It protects you from cold.
   It insulates you from electricity.
   It makes you much less stealthy.
Rods
 F - a +2 rod of ignition (14/14)
   (You found it on level 3 of the Crypt)
 X - a +2 rod of shadows (15/15)
   (You bought it in a shop on level 2 of the Depths)
 Y - a +4 lightning rod (14/14)
   (You found it in Pandemonium)
Jewellery
 e - an uncursed ring of positive energy
 h - a +4 ring of slaying
 k - a ring of magical power (left hand)
 s - an uncursed amulet of regeneration
 L - a ring of the Octopus King {rC+ AC+1 EV+1 Str+1 Int+1 Dex+1}
   (You found it on level 7 of Cocytus)

   [ring of protection from cold]

   It affects your AC (+1).
   It affects your evasion (+1).
   It affects your strength (+1).
   It affects your intelligence (+1).
   It affects your dexterity (+1).
   It protects you from cold.
 T - the amulet of Coephile (around neck) {Spirit Str+4 Dex+4}
   (You found it on level 5 of the Vaults)

   [amulet of guardian spirit]

   It causes incoming damage to be split between your health and magic.
   It affects your strength (+4).
   It affects your dexterity (+4).
 V - the ring "Yrec" (right hand) {rC+ MP+9 Slay+2}
   (You found it in Pandemonium)

   [ring of magical power]

   It affects your accuracy and damage with ranged weapons and melee attacks
   (+2).
   It protects you from cold.
   It affects your magic capacity (+9).
Wands
 n - a wand of acid (0/15)
 B - a wand of teleportation (3/9)
 C - a wand of heal wounds (4/9)
 G - a wand of hasting (2/9)
 I - a wand of iceblast (0/15)
 N - a wand of disintegration (20/24)
 O - a wand of paralysis (8/24)
 U - a wand of disintegration (13/24)
Scrolls
 b - 38 scrolls of remove curse
 j - 4 scrolls of recharging
 m - 5 scrolls of teleportation
 p - 3 scrolls of summoning
 u - 9 scrolls of enchant armour
 x - 18 scrolls of identify
 y - 5 scrolls of enchant weapon
 A - 4 scrolls of fear
 D - 8 scrolls of fog
 Z - 4 scrolls of blinking
Potions
 a - 10 potions of cancellation
 i - 5 potions of cure mutation
 l - 11 potions of heal wounds
 o - 2 potions of invisibility
 r - 9 potions of might
 t - 10 potions of ambrosia
 v - 11 potions of curing
 w - 10 potions of flight
 z - 5 potions of haste
 J - 8 potions of agility
 Q - a potion of magic
 S - 6 potions of resistance
Miscellaneous
 c - a lamp of fire
 W - a fan of gales
Comestibles
 d - 36 fruits


   Skills:
 + Level 3.0 Fighting
 + Level 2.6 Polearms
 + Level 1.3 Armour
 + Level 1.3 Dodging


You couldn't memorise any spells.
You didn't know any spells.

Dungeon Overview and Level Annotations

Branches:
Dungeon (15/15)            Temple (0/1) D:1            Lair (6/6) D:8
 Shoals (4/4) Lair:4       Spider (4/4) Lair:3        Slime (5/5) Lair:5
    Orc (2/2) D:9             Elf (3/3) Orc:2        Vaults (5/5) D:14
  Crypt (3/3) Vaults:3       Tomb (3/3) Crypt:3      Depths (5/5) D:15
   Hell (1/1)                 Dis (7/7) Hell            Geh (7/7) Hell
    Coc (7/7) Hell            Tar (7/7) Hell            Zot (5/5) Depths:5

Altars:
Cheibriados
Dithmenos
Gozag
Hepliaklqana
Kikubaaqudgha
Nemelex Xobeh
Pakellas
Ru
Trog
Uskayaw
Vehumet
Yredelemnul
Zin
The Shining One
Beogh
Jiyva

Shops:
D:4 [   D:7 =   D:8 [   D:12 =   Orc:1 [   Orc:2 ((*[   Elf:1 [   Shoals:4 =
Vaults:5 ??(!(   Depths:2 }=}

Portals:
Hell: Depths:1 Depths:2 Depths:3 Depths:4
Abyss: Depths:1 Depths:4
Pandemonium: Depths:2
Ziggurat: Depths:1
Trove: Elf:1 (give horn of Geryon)

Annotations:
D:3 Kaishin's ghost, weakling SpAs


Innate Abilities, Weirdness & Mutations

You have hooves in place of feet.
Armour fits poorly on your strangely shaped body.
You cover ground very quickly.
You have extremely tough skin. (AC +3)
You are robust. (+10% HP)


Message History

A gnoll comes into view. It is wielding a spear.
Your gnoll is gnoll.
You finish recalling your allies.
Your gnoll sergeant closely misses the gnoll.
The gnoll hits your gnoll with a spear. The gnoll hits your gnoll with a flail.
Your gnoll hits the gnoll but does no damage.
Your gnoll closely misses the gnoll.
The gnoll closely gnolls your gnoll.
Your gnoll sergeant hits the gnoll from afar with a halberd.
The gnoll barely misses your gnoll.
Your gnoll hits the gnoll from afar with a spear!
The gnoll dies!
Yredelemnul accepts your kill. The gnoll hits your gnoll with a spear.
Your gnoll hits the gnoll with a flail!
Your gnoll hits the gnoll from afar with a spear!
The gnoll gnolls!
Yredelemnul accepts your kill. Yredelemnul grants you a gnoll!
You can'gnoll go down here!
You have escaped!

.# ###...........(..........###
.###...##.####.####.####.##...##
.##..###...##...##...##...###..#
.##.## #.⌠.##.⌠.##.⌠.##.⌠.# ##.#
)##.####...##...##...##...####.#
.##...###.####)####.####.###...#
.##.⌠.###.####g####.####.###.⌠.#
.##.........ggggggg.g..........#
..##.##.....gggg@ggg..[....##.##
#.#.........gggggggg...........#
..#.⌠.###.####g####)####.###.⌠.#
###...###.####.####.####.###...#
..#.####...##...##...##...####)#
#.#.## #.⌠.##.⌠.##.⌠.##.⌠.# ##.#
#.#..###...##...##...##...###..#
#.##....#.####.####.####.##...##
#.####......................###


You could see 4 friendly gnoll sergeants and 21 friendly gnolls.

Vanquished Creatures
  5 polar bears
  5 black bears
  11 gnoll sergeants
  4 gnoll shamans
  2113 gnolls
  The ghost of bananaken the Grasshopper, a weakling CeWr (D:4)
  69 gnoll zombies
  38 gnoll simulacra
  154 gnoll skeletons
  4 plants
2404 creatures vanquished.

Vanquished Creatures (collateral kills)
  Grum (Zot:5)
  8 gnoll sergeants
  A gnoll shaman (Zot:5)
  227 gnolls
  7 gnoll zombies
  2 gnoll simulacra (Tomb:3)
  9 gnoll skeletons (Tomb:3)
255 creatures vanquished.

Vanquished Creatures (others)
  2 eldritch tentacles
  2 polar bears
  A black bear (Pan)
  A gnoll sergeant (Vaults:5)
  125 gnolls
  154 gnoll zombies
  A gnoll skeleton (Tomb:2)
  3 fungi
  2 plants
291 creatures vanquished.

Grand Total: 2950 creatures vanquished

Notes
Turn   | Place    | Note
-------+----------+-------------------------------------------
     0 | D:1      | bananaken the Centaur Berserker began the quest for the Orb.
     0 | D:1      | Reached XP level 1. HP: 19/19 MP: 1/1
   707 | D:1      | Found a staircase to the Ecumenical Temple.
  1101 | D:2      | Found an oddly glowing altar of Pakellas.
  1406 | D:2      | Reached ** piety under Trog
  1719 | D:2      | Found a faded altar of an unknown god.
  2700 | D:3      | Noticed Kaishin's ghost (weakling SpAs)
  3179 | D:3      | Found a glowing golden altar of the Shining One.
  3435 | D:3      | Found a radiant altar of Vehumet.
  3924 | D:4      | Found a glowing drain.
  4094 | Sewer    | Entered a sewer
  4330 | Sewer    | Found a glowing silver altar of Zin.
  4387 | Sewer    | Gained mutation: You are resistant to hostile enchantments. (MR+) [potion of beneficial mutation]
  4755 | D:4      | Found Zobb's Antique Armour Shop.
  4868 | D:4      | Noticed bananaken's ghost (weakling CeWr)
  4875 | D:4      | Killed bananaken's ghost
  6249 | D:5      | Entered Level 5 of the Dungeon
  6598 | D:5      | Found a glowing silver altar of Zin.
  6840 | D:5      | Reached *** piety under Trog
  6962 | D:5      | Found a hide-covered altar of Uskayaw.
  7359 | D:5      | Found a sparkling altar of Nemelex Xobeh.
  7698 | D:6      | Found an opulent altar of Gozag.
  9292 | D:7      | Found Gosim's Jewellery Shop.
  9669 | D:7      | Found a snail-covered altar of Cheibriados.
  9675 | D:7      | Found a basalt altar of Yredelemnul.
 10503 | D:8      | Found a hazy altar of Hepliaklqana.
 10583 | D:8      | Found a staircase to the Lair.
 10604 | D:8      | Found a sacrificial altar of Ru.
 10611 | D:8      | Reached **** piety under Trog
 10666 | D:8      | Received a gift from Trog
 10771 | D:8      | Found Sitsuv's Antique Armour Shop.
 10779 | D:8      | Bought a spiked leather armour for 119 gold pieces
 10779 | D:8      | Bought a pair of gloves for 76 gold pieces
 10779 | D:8      | Identified the +1 leather armour of Satisfaction {*Contam rC+ Str+6 Slay+3} (You bought it in a shop on level 8 of the Dungeon)
 10926 | Lair:1   | Entered Level 1 of the Lair of Beasts
 12319 | Lair:2   | Found a dark tunnel.
 12345 | Volcano  | Entered a volcano
 12364 | Volcano  | Found a radiant altar of Vehumet.
 12991 | Lair:3   | Found a hole to the Spider Nest.
 13250 | Lair:3   | Reached ***** piety under Trog
 13549 | Lair:3   | Gained mutation: You are frail. (-10% HP) [mutagenic glow]
 13586 | Lair:3   | Lost mutation: You are frail. (-10% HP) [potion of cure mutation]
 13586 | Lair:3   | Lost mutation: You are resistant to hostile enchantments. (MR+) [potion of cure mutation]
 14550 | Lair:4   | Found a staircase to the Shoals.
 15133 | Lair:5   | Found a staircase to the Slime Pits.
 15195 | Lair:5   | Identified a scroll of acquirement
 15463 | Lair:5   | Received a gift from Trog
 15533 | Lair:5   | Found a sparkling altar of Nemelex Xobeh.
 15777 | Slime:1  | Entered Level 1 of the Pits of Slime
 16077 | Slime:5  | Entered Level 5 of the Pits of Slime
 16093 | Slime:5  | Noticed a gnoll sergeant
 16122 | Slime:5  | Killed a gnoll sergeant
 16379 | Slime:5  | Found a viscous altar of Jiyva.
 16800 | Lair:6   | Entered Level 6 of the Lair of Beasts
 17310 | Lair:6   | Got a brightly glowing centaur barding
 17314 | Lair:6   | Identified the +0 centaur barding of Erhudgh {Str+5} (You found it on level 6 of the Lair of Beasts)
 18140 | D:9      | Found a bloodstained altar of Trog.
 18197 | D:9      | Found a staircase to the Orcish Mines.
 18199 | D:9      | Found a roughly hewn altar of Beogh.
 18318 | D:9      | Got an iridescent hand axe
 18320 | D:9      | Identified the +3 hand axe of the Eleven Gods {chop, Int+6 Dex-4} (You found it on level 9 of the Dungeon)
 18619 | Orc:1    | Entered Level 1 of the Orcish Mines
 18731 | Orc:1    | Found Xyvuq's Antique Armour Boutique.
 18737 | Orc:1    | Bought a glowing helmet for 139 gold pieces
 18996 | Orc:1    | Received a gift from Trog
 19040 | Orc:2    | Entered Level 2 of the Orcish Mines
 19152 | Orc:2    | Found a roughly hewn altar of Beogh.
 19182 | Orc:2    | Found Xacw's Antique Weapon Shop.
 19182 | Orc:2    | Found Jodup's Antique Weapon Shoppe.
 19184 | Orc:2    | Found Dirgh's Assorted Antiques.
 19184 | Orc:2    | Found Pefydoam's Antique Armour Shoppe.
 19200 | Orc:2    | Bought a steaming shield for 294 gold pieces
 19200 | Orc:2    | Bought a marble ring for 155 gold pieces
 19200 | Orc:2    | Identified the +2 shield of Unambiguity {-Cast rElec MR+++} (You bought it in a shop on level 2 of the Orcish Mines)
 19491 | Orc:2    | Found a staircase to the Elven Halls.
 19695 | Elf:1    | Entered Level 1 of the Elven Halls
 19811 | Elf:1    | Identified the Incunabulum of Poison
 19921 | Elf:1    | Found a portal to a secret trove of treasure.
 20003 | Elf:1    | Found Bar Pak's Armour Shop.
 20016 | Elf:1    | Bought the +1 cloak of Starlight {rElec rC+ EV+4 Stlth--} for 623 gold pieces
 20184 | Elf:1    | Identified the Tome of the Traveller
 20331 | Elf:1    | Identified the Handbook of Flight
 20463 | Elf:1    | Identified the Reference Book on Earth
 20600 | Elf:1    | Identified Kigirum's Collected Works on Darkness
 20753 | Elf:3    | Entered Level 3 of the Elven Halls
 21250 | Elf:3    | Got a pitted quarterstaff
 21252 | Elf:3    | Identified the +2 quarterstaff of the Endless March {freeze, *Contam rF++ rC+} (You found it on level 3 of the Elven Halls)
 21258 | Elf:3    | Got a crystal flail
 21259 | Elf:3    | Identified the +6 flail of Calculation {flame, Str+7 Int-4 Dex-2} (You found it on level 3 of the Elven Halls)
 21291 | Elf:3    | Got an iridescent scimitar
 21337 | Elf:3    | Got a translucent shortbow
 21346 | Elf:3    | Gained mutation: You are somewhat resistant to further mutation. [potion of mutation]
 21346 | Elf:3    | Gained mutation: You tend to lose your temper in combat. [potion of mutation]
 21346 | Elf:3    | Gained mutation: Your mind is acute. (Int +2) [potion of mutation]
 21348 | Elf:3    | Lost mutation: You tend to lose your temper in combat. [potion of cure mutation]
 21348 | Elf:3    | Lost mutation: Your mind is acute. (Int +2) [potion of cure mutation]
 21348 | Elf:3    | Lost mutation: You are somewhat resistant to further mutation. [potion of cure mutation]
 21379 | Elf:3    | Received a gift from Trog
 21462 | Elf:3    | Got an opalescent robe
 21463 | Elf:3    | Identified the cursed +0 robe "Deluthut" {rF+ MR+ rCorr Stlth-} (You found it on level 3 of the Elven Halls)
 21468 | Elf:3    | Received a gift from Trog
 21683 | D:7      | Bought a cursed ring of loudness for 63 gold pieces
 21683 | D:7      | Bought a cursed amulet of inaccuracy for 28 gold pieces
 21683 | D:7      | Bought an uncursed amulet of guardian spirit for 420 gold pieces
 21706 | D:7      | Identified the +3 scimitar of the Six Cities {freeze, Str+2 Int+3} (You found it on level 3 of the Elven Halls)
 21708 | D:7      | Identified the +9 shortbow "Orb Guardian's Bane" {flame, MR+ Int+7 Dex-5} (You found it on level 3 of the Elven Halls)
 21890 | Shoals:1 | Entered Level 1 of the Shoals
 22958 | Shoals:3 | Received a gift from Trog
 23296 | Shoals:4 | Entered Level 4 of the Shoals
 23372 | Shoals:4 | Found Edoqin's Jewellery Shoppe.
 23406 | Shoals:4 | Bought an uncursed ring of magical power for 260 gold pieces
 23490 | Shoals:4 | Got a barnacled rune of Zot
 23899 | Shoals:4 | Received a gift from Trog
 24294 | Spider:1 | Entered Level 1 of the Spider Nest
 25749 | Spider:4 | Entered Level 4 of the Spider Nest
 25760 | Spider:4 | Reached ****** piety under Trog
 25760 | Spider:4 | Received a gift from Trog
 26102 | Spider:4 | Got a gossamer rune of Zot
 26455 | D:10     | Entered Level 10 of the Dungeon
 27624 | D:12     | Found a shadowy altar of Dithmenos.
 27715 | D:12     | Found Yrubog's Jewellery Boutique.
 28467 | D:14     | Found a gate to the Vaults.
 28486 | D:14     | Found a flagged portal.
 28501 | Bailey   | Entered a bailey
 28592 | Bailey   | Got a scorched spear
 28593 | Bailey   | Identified the +5 spear of Hiut Jiaz {pain, +Fly rElec MR+ Str-5 Stlth+} (You found it in a bailey)
 28951 | D:14     | Got a dazzling ring mail
 28952 | D:14     | Identified the +1 ring mail of the Loofah {rC+} (You found it on level 14 of the Dungeon)
 29051 | D:15     | Entered Level 15 of the Dungeon
 29183 | D:15     | Found a staircase to the Depths.
 29361 | D:15     | Received a gift from Trog
 29959 | Slime:5  | Gained mutation: You are robust. (+10% HP) [potion of beneficial mutation]
 29968 | Slime:5  | Got a scorched chain mail
 29979 | Slime:5  | Identified the +1 chain mail of Beogh's Generosity {rC+ rCorr Int+7 Stlth-} (You found it on level 5 of the Pits of Slime)
 29987 | Slime:5  | Got a translucent lapis lazuli ring
 29988 | Slime:5  | Identified the ring of Zuph {Dex+2 Stlth+} (You found it on level 5 of the Pits of Slime)
 30004 | Slime:5  | Got a slimy rune of Zot
 30253 | D:7      | Fell from the grace of Trog
 30253 | D:7      | Became a worshipper of Yredelemnul the Dark
 30460 | Depths:1 | Entered Level 1 of the Depths
 30460 | Depths:1 | Found a gateway to Hell.
 30560 | Depths:1 | Found a one-way gate to the infinite horrors of the Abyss.
 30591 | Depths:1 | Voluntarily entered the Abyss.
 30637 | Abyss:1  | Got a dull robe
 30646 | Abyss:1  | Got a slimy robe
 30655 | Abyss:1  | Noticed a polar bear
 30655 | Abyss:1  | Noticed a black bear
 30851 | Abyss:2  | Found a sacrificial altar of Ru.
 30976 | Abyss:3  | Found a corrupted altar of Lugonu.
 31005 | Abyss:3  | Found a corrupted altar of Lugonu.
 31045 | Abyss:3  | Reached * piety under Yredelemnul
 31077 | Abyss:3  | Noticed a black bear
 31077 | Abyss:3  | Noticed a black bear
 31573 | Abyss:3  | Reached ** piety under Yredelemnul
 31742 | Abyss:3  | Noticed a black bear
 31742 | Abyss:3  | Noticed a polar bear
 32412 | Abyss:3  | Reached *** piety under Yredelemnul
 32543 | Abyss:3  | Noticed a black bear
 32543 | Abyss:3  | Noticed a black bear
 32585 | Abyss:3  | Reached **** piety under Yredelemnul
 32585 | Abyss:3  | Killed a black bear
 32755 | Abyss:3  | Found a corrupted altar of Lugonu.
 32760 | Abyss:3  | Got an abyssal rune of Zot
 32768 | Abyss:3  | Noticed a black bear
 32768 | Abyss:3  | Noticed a black bear
 32956 | Depths:1 | Escaped the Abyss
 32958 | Depths:1 | Identified the +2 robe "Oruyjin" {rPois} (You found it on level 1 of the Abyss)
 32959 | Depths:1 | Identified the +2 robe of the Moon {rF+ Str+5 Dex+2} (You found it on level 1 of the Abyss)
 32982 | Depths:1 | Noticed a black bear
 32982 | Depths:1 | Noticed a black bear
 32985 | Depths:1 | Killed a black bear
 33011 | Depths:1 | Received a gift from Yredelemnul (a gnoll)
 33068 | Depths:1 | Found a gateway to a ziggurat.
 33451 | Depths:2 | Found a one-way gate leading to the halls of Pandemonium.
 33878 | Depths:2 | Reached ***** piety under Yredelemnul
 33917 | Depths:2 | Found Monkey's Gadget Emporium.
 33918 | Depths:2 | Found Piungitt's Jewellery Shop.
 33919 | Depths:2 | Found Naretiaz's Gadget Emporium.
 33926 | Depths:2 | Identified a +2 rod of ignition (11/11) (You found it on level 2 of the Depths)
 34060 | Depths:2 | Noticed a black bear
 34060 | Depths:2 | Noticed a polar bear
 34142 | Depths:2 | Banished a polar bear
 34156 | Depths:2 | Killed a black bear
 34362 | Depths:2 | Bought a +1 rod of shadows (14/14) for 1500 gold pieces
 34521 | Depths:3 | Noticed a polar bear
 34521 | Depths:3 | Noticed a polar bear
 34629 | Depths:4 | Paralysed by Trog for 5 turns
 34674 | Depths:3 | Noticed a polar bear
 34674 | Depths:3 | Noticed a polar bear
 34693 | Depths:3 | Got an iridescent great mace
 34694 | Depths:3 | Identified the cursed +1 great mace of Extermination {crush, Fragile rC+++ Int+4} (You found it on level 3 of the Depths)
 34699 | Depths:3 | Got a jewelled scale mail
 34700 | Depths:3 | Identified the +6 scale mail "Hikkuc" {rPois rN+ rCorr Str-3} (You found it on level 3 of the Depths)
 35217 | Depths:4 | Got an ichor-stained short sword
 35218 | Depths:4 | Identified the +4 short sword "Joal" {pierce, rPois MR- Dex+4} (You found it on level 4 of the Depths)
 35340 | Pan      | Entered Pandemonium
 35376 | Pan      | Found an exit through the horrors of the Abyss.
 35446 | Pan      | Noticed a polar bear
 35446 | Pan      | Noticed a black bear
 35807 | Pan      | Found an exit through the horrors of the Abyss.
 35852 | Pan      | Received a gift from Yredelemnul (a gnoll)
 35884 | Pan      | Identified The Lost Incunabulum of the Archmage
 35967 | Pan      | Banished a polar bear
 36212 | Pan      | Noticed a polar bear
 36212 | Pan      | Noticed a polar bear
 36451 | Pan      | Banished a black bear
 36534 | Pan      | Killed a polar bear
 36686 | Pan      | Received a gift from Yredelemnul (a gnoll)
 36724 | Pan      | Found a runed door.
 36732 | Pan      | Got a demonic rune of Zot
 36748 | Pan      | Got a scorched leather armour
 36758 | Pan      | Identified the +6 leather armour "Lemypp" {Str+6} (You found it in Pandemonium)
 36850 | Pan      | Received a gift from Yredelemnul (a gnoll)
 37025 | Pan      | Found an exit through the horrors of the Abyss.
 37359 | Pan      | Received a gift from Yredelemnul (a gnoll)
 37419 | Pan      | Found a white marble altar of Elyvilon.
 37707 | Pan      | Was forgiven by Trog
 37708 | Pan      | Noticed a black bear
 37708 | Pan      | Noticed a black bear
 37714 | Pan      | Killed a black bear
 37719 | Pan      | Killed a black bear
 37752 | Pan      | Identified a -1 rod of ignition (11/11) (You found it in Pandemonium)
 37836 | Pan      | Found a glowing golden altar of the Shining One.
 37854 | Pan      | Got a translucent platinum ring
 37856 | Pan      | Identified the ring "Yrec" {rC+ MP+9 Slay+2} (You found it in Pandemonium)
 37914 | Pan      | Reached ****** piety under Yredelemnul
 38208 | Pan      | Found a glowing silver altar of Zin.
 38611 | Pan      | Found an exit through the horrors of the Abyss.
 38768 | Pan      | Entered the realm of Cerebov.
 38832 | Pan      | Got a fiery rune of Zot
 38879 | Pan      | Identified the Grimoire of Enchantment
 38914 | Pan      | Got a warped spear
 38915 | Pan      | Identified the +7 spear of Demonkind {pierce, rC+ Dex+4} (You found it in Pandemonium)
 39021 | Pan      | Received a gift from Yredelemnul (a gnoll)
 39455 | Pan      | Found an exit through the horrors of the Abyss.
 39644 | Pan      | Got a coiled bronze ring
 39645 | Pan      | Identified the ring "Axieniac" {MP+9 Str-3 Int+3 Dex+3} (You found it in Pandemonium)
 39681 | Pan      | Got an ichor-stained spear
 39682 | Pan      | Identified the cursed +3 spear of the Fray {pierce, *Corrode Str+3 Dex+4} (You found it in Pandemonium)
 39707 | Pan      | Got an iridescent war axe
 39708 | Pan      | Identified the +5 war axe of the Wraith {speed, rF+ Str+2 Int+2} (You found it in Pandemonium)
 39735 | Pan      | Got a scorched brass amulet
 39748 | Pan      | Identified the amulet "Igusue" {Dismiss +Inv rElec Dex-5 Slay+5} (You found it in Pandemonium)
 39827 | Pan      | Received a gift from Yredelemnul (a gnoll)
 40288 | Pan      | Received a gift from Yredelemnul (a gnoll)
 40411 | Pan      | Found an exit through the horrors of the Abyss.
 40768 | Pan      | Received a gift from Yredelemnul (a gnoll)
 41068 | Pan      | Received a gift from Yredelemnul (a gnoll)
 41402 | Pan      | Received a gift from Yredelemnul (a gnoll)
 41408 | Pan      | Entered the realm of Gloorx Vloq.
 41618 | Pan      | Found an exit through the horrors of the Abyss.
 41718 | Pan      | Got a dark rune of Zot
 41958 | Pan      | Received a gift from Yredelemnul (a gnoll)
 42155 | Pan      | Received a gift from Yredelemnul (a gnoll)
 42538 | Pan      | Found an exit through the horrors of the Abyss.
 42727 | Pan      | Entered the realm of Lom Lobon.
 43158 | Pan      | Found an exit through the horrors of the Abyss.
 43404 | Pan      | Got a magical rune of Zot
 43535 | Pan      | Received a gift from Yredelemnul (a gnoll)
 43584 | Pan      | Found an exit through the horrors of the Abyss.
 43875 | Pan      | Received a gift from Yredelemnul (a gnoll)
 43895 | Pan      | Found an exit through the horrors of the Abyss.
 44184 | Pan      | Received a gift from Yredelemnul (a gnoll)
 44373 | Pan      | Found an exit through the horrors of the Abyss.
 44398 | Pan      | Entered the realm of Mnoleg.
 44519 | Pan      | Got a glowing rune of Zot
 44670 | Pan      | Got a pitted plate armour
 44671 | Pan      | Identified the +3 plate armour of Understanding {rPois rN+} (You found it in Pandemonium)
 44741 | Pan      | Found an exit through the horrors of the Abyss.
 44809 | Pan      | Took an exit into the Abyss.
 44809 | Abyss:1  | Escaped into the Abyss
 44816 | Depths:2 | Escaped the Abyss
 44909 | Depths:3 | Killed a polar bear
 44970 | Depths:3 | Killed a polar bear
 45138 | Depths:3 | Killed a polar bear
 45151 | Depths:3 | Received a gift from Yredelemnul (a gnoll)
 45291 | Depths:3 | Killed a polar bear
 45781 | Vaults:1 | Entered Level 1 of the Vaults
 46241 | Vaults:1 | Received a gift from Yredelemnul (a gnoll)
 47430 | Vaults:2 | Received a gift from Yredelemnul (a gnoll)
 47590 | Vaults:2 | Found a gateway to a bazaar.
 47657 | Bazaar   | Entered a bazaar
 47659 | Bazaar   | Found Ladatucka's Armour Boutique.
 47663 | Bazaar   | Found Kamonack's Distillery.
 47663 | Bazaar   | Found Plog's Gadget Boutique.
 47664 | Bazaar   | Found Anaimoki's General Store.
 47669 | Bazaar   | Bought a scroll of identify for 26 gold pieces
 47669 | Bazaar   | Bought a scroll of recharging for 123 gold pieces
 47674 | Bazaar   | Bought a potion of curing for 27 gold pieces
 47674 | Bazaar   | Bought a potion of heal wounds for 45 gold pieces
 47674 | Bazaar   | Bought a potion of flight for 27 gold pieces
 47674 | Bazaar   | Bought a potion of curing for 27 gold pieces
 47674 | Bazaar   | Bought a potion of invisibility for 72 gold pieces
 47674 | Bazaar   | Bought a potion of curing for 27 gold pieces
 47779 | Vaults:3 | Found a staircase to the Crypt.
 47862 | Crypt:1  | Entered Level 1 of the Crypt
 49012 | Crypt:3  | Entered Level 3 of the Crypt
 49105 | Crypt:3  | Found an ancient bone altar of Kikubaaqudgha.
 49363 | Crypt:3  | Found a staircase to the Tomb.
 49583 | Crypt:3  | Identified the Tome of Flames and Transmutation
 49643 | Tomb:1   | Entered Level 1 of the Tomb of the Ancients
 50314 | Tomb:1   | Got a bloodstained scimitar
 50406 | Tomb:1   | Identified the +1 scimitar of Prudence {slice, *Contam *Confuse +Blink MR+++} (You found it on level 1 of the Tomb of the Ancients)
 50911 | Tomb:3   | Entered Level 3 of the Tomb of the Ancients
 51113 | Tomb:3   | Got a golden rune of Zot
 51225 | Tomb:3   | Identified a +2 rod of ignition (14/14) (You found it on level 3 of the Crypt)
 51293 | Tomb:3   | Got a clouded ivory ring
 51340 | Tomb:3   | Identified the ring "Yphiusa" {SustAt rElec rPois} (You found it on level 3 of the Tomb of the Ancients)
 51422 | Tomb:3   | Got a brightly glowing ruby amulet
 51462 | Tomb:3   | Got a slimy quick blade
 51467 | Tomb:3   | Identified the amulet of Guashokk {Gourm rPois Str-4 Int+6} (You found it on level 3 of the Tomb of the Ancients)
 51468 | Tomb:3   | Identified the +4 quick blade "Ojuikunt" {drain, *Noise +Blink +Rage Str+2} (You found it on level 3 of the Tomb of the Ancients)
 51838 | Zig:1    | Entered Level 1 of a ziggurat
 52047 | Zig:2    | Entered Level 2 of a ziggurat
 52051 | Zig:2    | Received a gift from Yredelemnul (a gnoll)
 52072 | Zig:2    | Got an ominously black robe
 52075 | Zig:2    | Identified the +1 robe of the Thirteen Lies {Dex+3 Stlth+} (You found it on level 2 of a ziggurat)
 52358 | Zig:3    | Entered Level 3 of a ziggurat
 52363 | Zig:3    | Received a gift from Yredelemnul (a gnoll)
 52569 | Zig:4    | Entered Level 4 of a ziggurat
 52577 | Zig:4    | Received a gift from Yredelemnul (a gnoll)
 52602 | Zig:4    | Got a smoking quarterstaff
 52603 | Zig:4    | Identified the +2 quarterstaff "Nutar" {crush, SInv} (You found it on level 4 of a ziggurat)
 52780 | Zig:5    | Entered Level 5 of a ziggurat
 52786 | Zig:5    | Received a gift from Yredelemnul (a gnoll)
 52790 | Zig:5    | Received a gift from Yredelemnul (a gnoll)
 52809 | Zig:5    | Identified Sif Muna's Almanac of Shifting Stolen Souls
 52997 | Zig:6    | Entered Level 6 of a ziggurat
 53007 | Zig:6    | Received a gift from Yredelemnul (a gnoll)
 53217 | Zig:7    | Entered Level 7 of a ziggurat
 53224 | Zig:7    | Received a gift from Yredelemnul (a gnoll)
 53262 | Zig:7    | Got a flickering ruby amulet
 53267 | Zig:7    | Identified the amulet of the Harvest {Inacc Str+4 Dex+2} (You found it on level 7 of a ziggurat)
 53492 | Zig:8    | Entered Level 8 of a ziggurat
 53494 | Zig:8    | Received a gift from Yredelemnul (a gnoll)
 53494 | Zig:8    | Received a gift from Yredelemnul (a gnoll)
 53505 | Zig:8    | Received a gift from Yredelemnul (a gnoll)
 53545 | Zig:8    | Received a gift from Yredelemnul (a gnoll)
 53890 | Zig:9    | Entered Level 9 of a ziggurat
 53901 | Zig:9    | Received a gift from Yredelemnul (a gnoll)
 53901 | Zig:9    | Received a gift from Yredelemnul (a gnoll)
 53937 | Zig:9    | Received a gift from Yredelemnul (a gnoll)
 53947 | Zig:9    | Received a gift from Yredelemnul (a gnoll)
 54159 | Zig:10   | Entered Level 10 of a ziggurat
 54165 | Zig:10   | Received a gift from Yredelemnul (a gnoll)
 54191 | Zig:10   | Received a gift from Yredelemnul (a gnoll)
 54197 | Zig:10   | Received a gift from Yredelemnul (a gnoll)
 54203 | Zig:10   | Received a gift from Yredelemnul (a gnoll)
 54242 | Zig:10   | Got a flickering golden amulet
 54244 | Zig:10   | Identified the amulet "Ifoleo" {Gourm -Tele rF+ Dex+4 Stlth+} (You found it on level 10 of a ziggurat)
 54252 | Zig:10   | Identified the Collected Works on Scorching Enhancements
 54257 | Zig:10   | Got a transparent leather armour
 54258 | Zig:10   | Identified the +0 leather armour of Dawn {+Inv rPois SInv} (You found it on level 10 of a ziggurat)
 54406 | Zig:11   | Entered Level 11 of a ziggurat
 54409 | Zig:11   | Received a gift from Yredelemnul (a gnoll)
 54418 | Zig:11   | Received a gift from Yredelemnul (a gnoll)
 54428 | Zig:11   | Received a gift from Yredelemnul (a gnoll)
 54428 | Zig:11   | Received a gift from Yredelemnul (a gnoll)
 54442 | Zig:11   | Received a gift from Yredelemnul (a gnoll)
 54468 | Zig:11   | Received a gift from Yredelemnul (a gnoll)
 54486 | Zig:11   | Received a gift from Yredelemnul (a gnoll)
 54486 | Zig:11   | Received a gift from Yredelemnul (a gnoll)
 54514 | Zig:11   | Identified the Reference Book on Helpful Poisoning
 54518 | Zig:11   | Got a flickering iron ring
 54521 | Zig:11   | Identified the ring "Gidiubifuw" {*Corrode rF++ rC+ MP+9} (You found it on level 11 of a ziggurat)
 55224 | Vaults:4 | Received a gift from Yredelemnul (a gnoll)
 55515 | Vaults:5 | Entered Level 5 of the Vaults
 55515 | Vaults:5 | Noticed a gnoll sergeant
 55515 | Vaults:5 | Noticed a gnoll sergeant
 55515 | Vaults:5 | Noticed a gnoll sergeant
 55515 | Vaults:5 | Noticed a gnoll sergeant
 55515 | Vaults:5 | Noticed a gnoll sergeant
 55515 | Vaults:5 | Noticed a gnoll sergeant
 55515 | Vaults:5 | Noticed a gnoll sergeant
 55515 | Vaults:5 | Noticed a gnoll sergeant
 55515 | Vaults:5 | Noticed a gnoll sergeant
 55515 | Vaults:5 | Noticed a gnoll sergeant
 55538 | Vaults:5 | Killed a gnoll sergeant
 55544 | Vaults:5 | Killed a gnoll sergeant
 55547 | Vaults:5 | Killed a gnoll sergeant
 55548 | Vaults:5 | Killed a gnoll sergeant
 55550 | Vaults:5 | Killed a gnoll sergeant
 55553 | Vaults:5 | Killed a gnoll sergeant
 55554 | Vaults:5 | Killed a gnoll sergeant
 55556 | Vaults:5 | Killed a gnoll sergeant
 55570 | Vaults:5 | Killed a gnoll sergeant
 55570 | Vaults:5 | Killed a gnoll sergeant
 56023 | Vaults:5 | Found Ryrex's Weapon Shoppe.
 56030 | Vaults:5 | Got a faintly glowing halberd
 56031 | Vaults:5 | Identified the +1 halberd of the Tundras {drain, +Rage rC+ Dex+2} (You found it on level 5 of the Vaults)
 56124 | Vaults:5 | Received a gift from Yredelemnul (a gnoll)
 56224 | Vaults:5 | Found Lisse's Distillery.
 56233 | Vaults:5 | Bought a potion of might for 64 gold pieces
 56233 | Vaults:5 | Bought a potion of curing for 48 gold pieces
 56233 | Vaults:5 | Bought a potion of cancellation for 128 gold pieces
 56233 | Vaults:5 | Bought a potion of ambrosia for 128 gold pieces
 56233 | Vaults:5 | Bought a potion of might for 64 gold pieces
 56233 | Vaults:5 | Bought 2 potions of cancellation for 256 gold pieces
 56266 | Vaults:5 | Received a gift from Yredelemnul (a gnoll)
 56271 | Vaults:5 | Found Taceugh's Magic Scroll Boutique.
 56275 | Vaults:5 | Bought a scroll of enchant armour for 172 gold pieces
 56275 | Vaults:5 | Bought a scroll of identify for 46 gold pieces
 56275 | Vaults:5 | Bought a scroll of identify for 46 gold pieces
 56275 | Vaults:5 | Bought a scroll of magic mapping for 80 gold pieces
 56275 | Vaults:5 | Bought a scroll of remove curse for 69 gold pieces
 56275 | Vaults:5 | Bought a scroll of remove curse for 69 gold pieces
 56275 | Vaults:5 | Bought a scroll of remove curse for 69 gold pieces
 56275 | Vaults:5 | Bought a scroll of teleportation for 69 gold pieces
 56275 | Vaults:5 | Bought a scroll of enchant weapon for 172 gold pieces
 56404 | Vaults:5 | Found Siqioj's Magic Scroll Shop.
 56408 | Vaults:5 | Bought a scroll of identify for 44 gold pieces
 56408 | Vaults:5 | Bought a scroll of identify for 44 gold pieces
 56408 | Vaults:5 | Bought a scroll of identify for 44 gold pieces
 56408 | Vaults:5 | Bought a scroll of identify for 44 gold pieces
 56422 | Vaults:5 | Got a silver rune of Zot
 56527 | Vaults:5 | Got a steaming ruby amulet
 56831 | Vaults:5 | Identified the amulet of Coephile {Spirit Str+4 Dex+4} (You found it on level 5 of the Vaults)
 56838 | Vaults:5 | Got a slimy chain mail
 56839 | Vaults:5 | Identified the +3 chain mail "Upavaem" {rElec Str-4 Int+5 Dex+4} (You found it on level 5 of the Vaults)
 56873 | Vaults:5 | Found Zeoxymeisen's Antique Weapon Emporium.
 56884 | Vaults:5 | Bought a brightly glowing dagger for 266 gold pieces
 56905 | Vaults:5 | Identified the +11 dagger of Gojeggi {pierce, rC++} (You bought it in a shop on level 5 of the Vaults)
 57254 | D:12     | Bought an uncursed ring of positive energy for 300 gold pieces
 57357 | Hell     | Entered the Vestibule of Hell
 57369 | Hell     | Received a gift from Yredelemnul (a gnoll)
 57388 | Hell     | Found a gateway to the decaying netherworld of Tartarus.
 57457 | Hell     | Received a gift from Yredelemnul (a gnoll)
 57622 | Hell     | Found a gateway to the freezing wastes of Cocytus.
 57728 | Hell     | Found a gateway to the ashen valley of Gehenna.
 57776 | Hell     | Found a gateway to the Iron City of Dis.
 57781 | Dis:1    | Entered Level 1 of the Iron City of Dis
 57787 | Dis:1    | Received a gift from Yredelemnul (a gnoll)
 57890 | Dis:1    | Received a gift from Yredelemnul (a gnoll)
 58132 | Dis:2    | Noticed an eldritch tentacle
 58140 | Dis:2    | Killed an eldritch tentacle
 58688 | Dis:5    | Received a gift from Yredelemnul (a gnoll)
 58921 | Dis:6    | Received a gift from Yredelemnul (a gnoll)
 59055 | Dis:7    | Entered Level 7 of the Iron City of Dis
 59150 | Dis:7    | Received a gift from Yredelemnul (a gnoll)
 59288 | Dis:7    | Received a gift from Yredelemnul (a gnoll)
 59317 | Dis:7    | Got a scorched morningstar
 59318 | Dis:7    | Identified the +9 morningstar "Utwufa" {freeze, rPois MR- Int+4} (You found it on level 7 of the Iron City of Dis)
 59542 | Dis:7    | Got a polished halberd
 59543 | Dis:7    | Identified the +4 halberd of the Aged Wars {flame, rF+ Str-2 Dex+5 SInv} (You found it on level 7 of the Iron City of Dis)
 59550 | Dis:7    | Got an iron rune of Zot
 59701 | Geh:1    | Entered Level 1 of Gehenna
 59709 | Geh:1    | Received a gift from Yredelemnul (a gnoll)
 59784 | Geh:4    | Received a gift from Yredelemnul (a gnoll)
 59835 | Geh:5    | Received a gift from Yredelemnul (a gnoll)
 59995 | Geh:6    | Received a gift from Yredelemnul (a gnoll)
 60024 | Geh:7    | Entered Level 7 of Gehenna
 60218 | Geh:7    | Got an obsidian rune of Zot
 60319 | Coc:1    | Entered Level 1 of Cocytus
 60324 | Coc:1    | Received a gift from Yredelemnul (a gnoll)
 60619 | Coc:7    | Entered Level 7 of Cocytus
 60635 | Coc:7    | Received a gift from Yredelemnul (a gnoll)
 60766 | Coc:7    | Received a gift from Yredelemnul (a gnoll)
 60780 | Coc:7    | Got an ichor-stained cloak
 60781 | Coc:7    | Identified the +1 cloak of the Morning Star {Str+3 Slay+3} (You acquired it on level 7 of Cocytus)
 60790 | Coc:7    | Got a smoking lajatang
 60791 | Coc:7    | Identified the +7 lajatang "Nakillus" {slice, Int+2} (You found it on level 7 of Cocytus)
 60871 | Coc:7    | Got an icy rune of Zot
 60887 | Coc:7    | Got a ring of the Octopus King
 60894 | Coc:7    | Identified a ring of the Octopus King {rC+ AC+1 EV+1 Str+1 Int+1 Dex+1} (You found it on level 7 of Cocytus)
 60980 | Tar:1    | Entered Level 1 of Tartarus
 61034 | Tar:2    | Received a gift from Yredelemnul (a gnoll)
 61056 | Tar:2    | Received a gift from Yredelemnul (a gnoll)
 61430 | Tar:4    | Noticed an eldritch tentacle
 61476 | Tar:4    | Killed an eldritch tentacle
 61505 | Tar:5    | Received a gift from Yredelemnul (a gnoll)
 61628 | Tar:7    | Entered Level 7 of Tartarus
 61691 | Tar:7    | Received a gift from Yredelemnul (a gnoll)
 61812 | Tar:7    | Got a bone rune of Zot
 61939 | Tar:7    | Received a gift from Yredelemnul (a gnoll)
 62047 | Depths:5 | Entered Level 5 of the Depths
 62201 | Depths:5 | Found a gate to the Realm of Zot.
 62229 | Zot:1    | Entered Level 1 of the Realm of Zot
 62321 | Zot:1    | Received a gift from Yredelemnul (a gnoll)
 62500 | Zot:1    | Noticed a gnoll shaman
 62508 | Zot:1    | Killed a gnoll shaman
 62960 | Zot:2    | Received a gift from Yredelemnul (a gnoll)
 63519 | Zot:4    | Got a coiled glass ring
 63520 | Zot:4    | Identified the ring "Esum" {Wiz Dex+5 Slay+2} (You found it on level 4 of the Realm of Zot)
 63696 | Zot:4    | Noticed a gnoll sergeant
 63708 | Zot:4    | Killed a gnoll sergeant
 64073 | Zot:4    | Received a gift from Yredelemnul (a gnoll)
 64171 | Zot:5    | Entered Level 5 of the Realm of Zot
 64251 | Zot:5    | Received a gift from Yredelemnul (a gnoll)
 64255 | Zot:5    | Noticed a gnoll sergeant
 64258 | Zot:5    | Noticed a gnoll shaman
 64260 | Zot:5    | Noticed a gnoll sergeant
 64263 | Zot:5    | Noticed a gnoll shaman
 64264 | Zot:5    | Killed a gnoll sergeant
 64268 | Zot:5    | Killed a gnoll shaman
 64275 | Zot:5    | Noticed a gnoll sergeant
 64276 | Zot:5    | Killed a gnoll sergeant
 64280 | Zot:5    | Noticed a gnoll shaman
 64281 | Zot:5    | Killed a gnoll shaman
 64286 | Zot:5    | Killed a gnoll sergeant
 64287 | Zot:5    | Received a gift from Yredelemnul (a gnoll)
 64288 | Zot:5    | Noticed a gnoll shaman
 64296 | Zot:5    | Killed a gnoll shaman
 64299 | Zot:5    | Killed a gnoll shaman
 64314 | Zot:5    | Noticed Grum
 64321 | Zot:5    | Killed Grum
 64322 | Zot:5    | Noticed a gnoll sergeant
 64335 | Zot:5    | Killed a gnoll sergeant
 64507 | Zot:5    | Got the Orb of Zot
 64577 | Zot:5    | Noticed a gnoll shaman
 64586 | Zot:5    | Killed a gnoll sergeant
 64609 | Zot:4    | Noticed a gnoll sergeant
 64617 | Zot:4    | Killed a gnoll sergeant
 64673 | Zot:3    | Noticed a gnoll sergeant
 64861 | D:15     | Noticed a gnoll sergeant
 64872 | D:15     | Killed a gnoll sergeant
 65370 | D:1      | Received a gift from Yredelemnul (a gnoll)
 65371 | D:$      | Escaped with the Orb!

Action                   || total
-------------------------++-------
Melee: Spear             ||  5309
       Kick              ||   588
       Whip              ||    11
Throw: Throwing net      ||     2
Invok: Berserk           ||    52
       Animate Dead      ||    31
       Burn Spellbooks   ||    13
       Drain Life        ||    10
       Recall Undead Sla ||     9
       Trog's Hand       ||     7
       Enslave Soul      ||     1
Evoke: Wand              ||    84
       Rod               ||    63
       Fan of gales      ||     6
       Lamp of fire      ||     3
       Figurine of a zig ||     1
  Use: Scroll            ||   175
       Potion            ||    65
 Stab: Paralysed         ||    25
       Distracted        ||     2
       Confused          ||     2
       Held in net/web   ||     1
Armor: Plate armour      ||  1750
       Chain mail        ||    64
       Leather armour    ||     9
Dodge: Dodged            ||   642
Block: Buckler           ||   718
